 Dungeon Crawl Stone Soup version 0.26-a0-651-gb41185065b (webtiles) character file.

Game seed: 1720656100901438345

204596 Lugonue the Eclecticist (level 18, -3/143 HPs)
             Began as an Octopode Venom Mage on Oct 26, 2020.
             Was a High Priest of Ashenzari.
             Shot with a bolt by a yaktaur (19 damage)
             ... led by a yaktaur captain
             ... on level 2 of the Vaults on Oct 27, 2020.
             The game lasted 01:34:16 (44678 turns).

Lugonue the Eclecticist (Octopode Venom Mage)      Turns: 44678, Time: 01:34:17

Health: -3/143     AC: 30    Str: 14    XL:     18   Next: 65%
Magic:  2/37       EV: 22    Int: 24    God:    Ashenzari [*****.]
Gold:   2350       SH: 14    Dex: 13    Spells: 11/47 levels left

rFire    . . .     SeeInvis +     - Unarmed
rCold    . . .     Faith    .   u - +3 buckler {AC+3}
rNeg     + . .     Spirit   .   N - +2 hat
rPois    ∞         Reflect  +   h - amulet of reflection (curse)
rElec    +         Harm     .   b - +6 ring of strength
rCorr    +         Rampage  .   F - ring of resist corrosion
MR       +....     Clarity  +   i - ring of wizardry
Stlth    +++++.....             y - +4 ring of evasion
HPRegen  0.33/turn              M - ring of poison resistance
MPRegen  0.25/turn              P - ring of wizardry
                                H - +4 ring of slaying (curse)
                                (no ring)

@: brilliant, about to teleport, statue-form, slowed, very slow
A: almost no armour, stealthy swim, amphibious, 8 rings, constrict 8, camouflage
1
}: 1/15 runes: decaying
a: End Transformation, Curse Item, Scrying, Transfer Knowledge, Renounce
Religion


You were on level 2 of the Vaults.
You worshipped Ashenzari.
Ashenzari was extremely pleased with you.
You were a stone statue.
You visited 7 branches of the dungeon, and saw 33 of its levels.
You also visited: Ice Cave.

You collected 3312 gold pieces.
You spent 962 gold pieces at shops.

Inventory:

Missiles
 s - 37 poisoned darts (quivered)
Armour
 u - a +3 buckler of protection (worn)
 N - a +2 hat (worn)
Jewellery
 b - a +6 ring of strength (left tentacle)
 h - a cursed amulet of reflection (around mantle)
 i - a ring of wizardry (on tentacle)
 y - a +4 ring of evasion (on tentacle)
 F - a ring of resist corrosion (right tentacle)
 H - a cursed +4 ring of slaying (on tentacle)
 M - a ring of poison resistance (on tentacle)
 P - a ring of wizardry (on tentacle)
Wands
 k - a wand of acid (17)
 A - a wand of paralysis (10)
Scrolls
 a - 22 scrolls of remove curse
 c - 20 scrolls of identify
 f - 4 scrolls of enchant weapon
 m - a scroll of teleportation
 v - 3 scrolls of amnesia
 B - 7 scrolls of enchant armour
 E - 4 scrolls of magic mapping
 K - a scroll of fog
 T - a scroll of silence
Potions
 l - 2 potions of brilliance
 x - 5 potions of ambrosia
 J - a potion of haste


   Skills:
 - Level 6.3 Fighting
   Level 3.4 Long Blades
   Level 2.9 Maces & Flails
   Level 10.5 Polearms
 - Level 9.9 Dodging
 - Level 9.6 Stealth
 - Level 9.2 Shields
 - Level 15.0 Unarmed Combat
 + Level 15.2 Spellcasting
 - Level 1.3 Conjurations
 - Level 4.3 Transmutations
 - Level 3.2 Fire Magic
 - Level 7.3 Air Magic
 + Level 9.0 Earth Magic
 - Level 10.6 Poison Magic
 - Level 1.5 Evocations


You had 11 spell levels left.
You knew the following spells:

 Your Spells              Type           Power        Failure   Level
a - Statue Form           Tmut/Erth      ######...    9%          6
b - Blink                 Tloc           N/A          1%          2
c - Ignite Poison         Fire/Tmut/Pois ######..     1%          3
d - Olgreb's Toxic Radia  Pois           #######.     1%          4
e - Mephitic Cloud        Conj/Pois/Air  ######..     1%          3
f - Airstrike             Air            ######....   1%          4
g - Sting                 Tmut/Pois      ####         1%          1
h - Petrify               Tmut/Erth      ######..     1%          4
i - Cause Fear            Hex            ####......   9%          4
j - Lightning Bolt        Conj/Air       ######....   4%          5

Your spell library contained the following spells:

 Spells                   Type           Power        Failure   Level
 Beastly Appendage        Tmut           ######       1%          1
 Corona                   Hex            ####...      1%          1
 Magic Dart               Conj           ####         1%          1
 Shock                    Conj/Air       ####         1%          1
 Call Imp                 Summ           ####....     1%          2
 Ensorcelled Hibernation  Hex/Ice        ####..       1%          2
 Poisonous Vapours        Pois/Air       ######       1%          2
 Searing Ray              Conj           #####.       1%          2
 Slow                     Hex            ####....     1%          2
 Sublimation of Blood     Necr           ####......   1%          2
 Swiftness                Air            ######..     1%          2
 Wereblood                Tmut           ######..     1%          2
 Conjure Flame            Conj/Fire      #####...     1%          3
 Dazzling Flash           Conj/Hex       ####..       1%          3
 Spider Form              Tmut/Pois      ######....   1%          3
 Static Discharge         Conj/Air       ######..     1%          3
 Alistair's Intoxication  Tmut/Pois      ######...    1%          5
 Confusing Touch          Hex            ####....     2%          3
 Tukima's Dance           Hex            ####....     2%          3
 Ice Form                 Ice/Tmut       #####...     3%          4
 Blade Hands              Tmut           ######....   4%          5
 Silence                  Hex/Air        ######....   5%          5
 Eringya's Noxious Bog    Tmut/Pois      ######....   6%          6
 Fulminant Prism          Conj/Hex       ####......   7%          4
 Iskenderun's Mystic Bla  Conj/Tloc      ####....     7%          4
 Irradiate                Conj/Tmut      #####.....   7%          5
 Yara's Violent Unravell  Hex/Tmut       #####.....   10%         5
 Hydra Form               Tmut           ######....   21%         6
 Dragon Form              Tmut           ######....   71%         7
 Discord                  Hex            ####......   100%        8


Dungeon Overview and Level Annotations

Branches:
Dungeon (15/15)            Temple (1/1) D:7            Lair (6/6) D:8
  Swamp (4/4) Lair:2        Snake (3/4) Lair:4        Slime (0/5) Lair:6
    Orc (2/2) D:9             Elf (0/3) Orc:2        Vaults (2/5) D:13
 Depths (0/5) D:15          IceCv (visited)
  Crypt: Vaults:2-3

Altars:
Ashenzari
Cheibriados
Dithmenos
Elyvilon
Fedhas
Gozag
Hepliaklqana
Kikubaaqudgha
Makhleb
Nemelex Xobeh
Okawaru
Qazlal
Ru
Sif Muna
Trog
Uskayaw
Vehumet
Wu Jian
Xom
Yredelemnul
Zin
The Shining One
Beogh
Jiyva

Shops:
D:6 [   D:7 ?   Orc:1 (   Orc:2 ([*:*   Snake:1 ((

Portals:
Hell: Lair:6

Annotations:
D:8 1 runed translucent door, exclusion: oklob plant, loralnil's ghost, novice OpTm
Lair:4 exclusion: oklob plant
Lair:6 1 runed translucent door, exclusion: oklob plant
Swamp:1 2 transporters


Innate Abilities, Weirdness & Mutations

You cannot wear most types of armour.
You are very stealthy in the water. (Stealth+)
You are amphibious.
You can wear up to eight rings at the same time.
You can use your tentacles to constrict eight enemies at once.
Your skin changes colour to match your surroundings (Stealth+).
((Your rubbery body absorbs attacks. (AC +1, EV +1)))


Message History

The shadow wraith closely misses you.
The slime creature hits you but does no damage.
Okay, then.
Unknown command.
Casting: Olgreb's Toxic Radiance (safe; 1% risk of failure)
Confirm with . or Enter, or press ? or * to list all spells.
You feel a surge of power!
You blink.
The yaktaur looks more healthy.
The yaktaur captain unwields a +0 arbalest.
You block the yaktaur captain's attack.
The yaktaur shoots a bolt.
The bolt closely misses you.
The yaktaur wields a +0 arbalest.
The yaktaur shoots a bolt.
The bolt closely misses you.
The yaktaur shoots a bolt.
The bolt misses you. The slime creature hits you!
* * * LOW HITPOINT WARNING * * *
You block the yaktaur captain's attack. The shadow wraith hits you.
* * * LOW HITPOINT WARNING * * *
The shadow wraith drains your vigour!
You feel as though you will be slow longer.
The slime creature closely misses you.
The yaktaur shoots a bolt.
The bolt hits you!!
You die...

..(...............).)).cc.....
,
....................).))c)....
#+####################'#####.
* ,, , * #...).((# ,* * *
#.{.).(.# *, ,, ,* * * *
####c#### * ,* * * *, *
#=.....$# , , * * #..c(...# ,
*,,, #8Wc....# * ,, , * , ,* *
#cJ.....# , , * , , #.§.....#
* ,, ,*, #).....!# * ,* **
######### , , , ,, ,* , , * *
* , , ,,,* ,,,,,


You could see a yaktaur captain (very poisoned), a slime creature, a shadow
wraith (invisible) and 3 yaktaurs.

Vanquished Creatures
  2 thorn hunters
  A sphinx (Vaults:2)
  Kirke (Swamp:1)
  A tengu reaver (Vaults:1)
  2 vault wardens
  A stone giant (Vaults:2)
  An orc warlord (Orc:2)
  2 ironheart preservers (Vaults:1)
  A deep elf demonologist (Vaults:1)
  Azrael (D:15)
  A yaktaur captain (D:15)
  6 vault guards
  6 naga warriors
  22 hydras
  2 shambling mangroves
  4 anacondas (Snake:2)
  A ghost crab (Swamp:3)
  6 centaur warriors
  15 alligators
  9 two-headed ogres
  8 naga sharpshooters
  3 deep elf knights (Vaults:1)
  3 orc high priests (Orc:2)
  11 skeletal warriors
  A sixfirhy (Lair:6)
  13 swamp dragons
  6 spriggan druids
  2 wizards
  2 salamander mystics (Snake:2)
  4 unseen horrors
  5 naga ritualists
  A sea snake (Snake:2)
  4 ironbrand convokers (Vaults:1)
  5 deep elf magi
  15 mana vipers
  8 orc knights
  13 ugly things
  A wolf spider (Vaults:1)
  5 orc sorcerers
  A centaur zombie (D:14)
  8 salamanders
  5 cyclopes
  7 elephants
  4 vault sentinels (Vaults:1)
  3 naga magi (Snake:2)
  A guardian serpent (Lair:4)
  2 ice statues (IceCv)
  19 cane toads
  2 centaur skeletons (D:13)
  2 gargoyles
  32 black mambas
  A cane toad (shapeshifter) (Vaults:1)
  An orange demon (Lair:6)
  8 rime drakes
  12 yaktaurs
  A hellwing (Lair:6)
  A kobold demonologist (D:15)
  12 komodo dragons
  6 ice devils
  7 tyrant leeches
  2 red devils (Lair:6)
  A tengu simulacrum (Vaults:2)
  4 trolls
  5 polar bears
  A queen bee (D:9)
  A saltling (Vaults:1)
  11 hornets
  6 slime creatures
  10 hippogriffs
  7 bog bodies
  A dream sheep (Lair:6)
  4 blink frogs (Lair:3)
  17 spriggans
  2 wraiths (D:12)
  22 humans
  A steam dragon (Lair:4)
  2 yaks (shapeshifter)
  3 basilisks
  39 yaks
  5 fire elementals (D:15)
  A basilisk (shapeshifter) (D:15)
  2 hogs (Swamp:1)
  3 wyverns
  3 insubstantial wisps (Swamp:4)
  11 vampire mosquitoes
  18 nagas
  14 swamp worms
  6 hell hounds
  3 acid dragons
  14 water moccasins
  7 porcupines
  2 black bears
  5 sky beasts
  40 orc warriors
  14 swamp drakes
  4 ice beasts
  10 ogres
  17 wolves
  2 necrophages
  9 centaurs
  14 crocodiles
  3 big kobolds
  14 bullfrogs
  A gnoll sergeant (Orc:2)
  3 scorpions
  2 wyvern skeletons
  25 killer bees (D:9)
  4 wights (D:10)
  5 spriggan skeletons (D:11)
  A howler monkey (D:13)
  An electric eel (Snake:2)
  A troll skeleton (D:11)
  A crimson imp (D:10)
  5 hounds
  A bullfrog zombie (D:12)
  12 jellies
  35 orc priests
  43 orc wizards
  An iron imp (D:10)
  5 iguanas
  A hell rat (Lair:6)
  7 worker ants
  2 hound zombies (D:5)
  5 gnolls (Orc:2)
  14 adders
  6 shadow imps
  7 white imps
  8 ufetubi
  9 oozes (D:8)
  3 adder skeletons
  3 adder zombies (D:5)
  2 worms (D:3)
  2 dart slugs
  7 leopard geckos
  114 orcs
  6 giant cockroaches
  8 goblins
  7 hobgoblins (D:1)
  11 jackals
  3 quokkas
  2 ball pythons
  5 bats
  3 frilled lizards
  17 kobolds
  A leopard gecko skeleton (D:5)
  2 leopard gecko zombies (D:5)
  A quokka skeleton (D:6)
  5 rats
1097 creatures vanquished.

Vanquished Creatures (collateral kills)
  A centaur simulacrum (D:14)
1 creature vanquished.

Vanquished Creatures (others)
  A hydra (Swamp:1)
  2 humans (Swamp:1)
  5 white imps (IceCv)
  5 ufetubi (IceCv)
  23 fungi
  32 plants
  A withered plant (D:5)
69 creatures vanquished.

Grand Total: 1167 creatures vanquished

Notes
Turn   | Place    | Note
-------+----------+-------------------------------------------
     0 | D:1      | Lugonue the Octopode Venom Mage began the quest for the
                  | Orb.
     0 | D:1      | Reached XP level 1. HP: 11/11 MP: 3/3
   307 | D:1      | Reached XP level 2. HP: 15/17 MP: 5/5
   833 | D:1      | Reached XP level 3. HP: 21/21 MP: 6/6
  1386 | D:2      | Reached skill level 1 in Unarmed Combat
  1690 | D:2      | Learned a level 2 spell: Poisonous Vapours
  1935 | D:3      | Reached XP level 4. HP: 27/27 MP: 2/7
  2330 | D:3      | Found a bloodstained altar of Trog.
  2359 | D:3      | Reached XP level 5. HP: 32/32 MP: 1/8
  2772 | D:3      | Reached XP level 6. HP: 17/37 MP: 7/10
  2990 | D:3      | Learned a level 3 spell: Ignite Poison
  3018 | D:3      | Reached skill level 1 in Fighting
  3282 | D:4      | Reached skill level 5 in Poison Magic
  3384 | D:4      | Reached skill level 1 in Air Magic
  3618 | D:4      | Learned a level 4 spell: Olgreb's Toxic Radiance
  4027 | D:4      | Reached skill level 5 in Stealth
  4383 | D:5      | Entered Level 5 of the Dungeon
  4383 | D:5      | Noticed an ice beast
  4410 | D:5      | Reached XP level 7. HP: 43/43 MP: 12/12
  4589 | D:5      | Found an ornate altar of the Wu Jian Council.
  4969 | D:5      | Found a sparkling altar of Nemelex Xobeh.
  5139 | D:6      | Reached skill level 1 in Maces & Flails
  5331 | D:6      | Reached XP level 8. HP: 50/50 MP: 7/14
  5443 | D:6      | Learned a level 3 spell: Mephitic Cloud
  6140 | D:6      | Found a stormy altar of Qazlal.
  6393 | D:6      | Found Kyowk's Armour Shop.
  6455 | D:6      | Bought a +1 buckler of protection for 181 gold pieces
  6705 | D:6      | Reached skill level 5 in Spellcasting
  6965 | D:7      | Reached skill level 1 in Polearms
  6968 | D:7      | Reached XP level 9. HP: 42/55 MP: 8/16
  7668 | D:7      | Found a staircase to the Ecumenical Temple.
  7722 | D:7      | Found Ibyfatyew's Magic Scroll Boutique.
  7730 | D:7      | Bought a scroll of enchant armour for 97 gold pieces
  7730 | D:7      | Bought a scroll of teleportation for 39 gold pieces
  7734 | D:7      | Got a shimmering long sword
  7735 | D:7      | Identified the +8 long sword "Keqen" {speed, Str+4} (You
                  | found it on level 7 of the Dungeon)
  7806 | D:7      | Found a shadowy altar of Dithmenos.
  7840 | D:7      | Found a broken altar of Ashenzari.
  8050 | Temple   | Entered the Ecumenical Temple
  8191 | D:7      | Became a worshipper of Ashenzari the Shackled
  8273 | D:8      | Reached skill level 1 in Long Blades
  8359 | D:8      | Found a snail-covered altar of Cheibriados.
  8495 | D:8      | Found a staircase to the Lair.
  8775 | D:8      | Noticed an oklob plant
  8782 | D:8      | Reached skill level 1 in Shields
  8786 | D:8      | Reached XP level 10. HP: 55/63 MP: 6/18
  9060 | D:8      | Found a runed translucent door.
  9063 | D:8      | Identified the +11 trident of Exquisite Death {flame, MR+++
                  | Int-3 Dex+2}
  9065 | D:8      | Noticed loralnil's ghost (novice OpTm)
  9120 | D:8      | Reached skill level 5 in Polearms
  9229 | D:8      | Noticed a two-headed ogre
  9236 | D:8      | Killed a two-headed ogre
  9489 | D:9      | Reached skill level 1 in Fire Magic
  9937 | D:9      | Found a shimmering blue altar of Sif Muna.
 10110 | D:9      | Found a staircase to the Orcish Mines.
 10383 | Orc:1    | Entered Level 1 of the Orcish Mines
 10393 | Orc:2    | Entered Level 2 of the Orcish Mines
 10405 | Orc:2    | Found Waxikh's General Store.
 10444 | Orc:1    | Noticed an orc knight
 10445 | Orc:1    | Noticed an orc sorcerer
 10465 | Orc:1    | Found Mudghe's Weapon Boutique.
 10466 | Orc:1    | Noticed an orc knight
 10510 | Orc:1    | Killed an orc knight
 10510 | Orc:1    | Reached XP level 11. HP: 35/67 MP: 3/21
 10524 | Orc:1    | Killed an orc sorcerer
 10980 | Orc:2    | Found a staircase to the Elven Halls.
 10986 | Orc:2    | Reached skill level 10 in Poison Magic
 11303 | Orc:2    | Noticed an orc knight
 11316 | Orc:2    | Killed an orc knight
 11316 | Orc:2    | Reached skill level 5 in Dodging
 11617 | Orc:2    | Noticed an orc knight
 11633 | Orc:2    | Killed an orc knight
 11650 | Orc:2    | Noticed an orc sorcerer
 11654 | Orc:2    | Killed an orc sorcerer
 11690 | Orc:2    | Noticed an orc knight
 11729 | Orc:2    | Noticed an orc high priest
 11732 | Orc:2    | Noticed an orc sorcerer
 11992 | Orc:2    | Killed an orc sorcerer
 12020 | Orc:2    | Noticed an orc sorcerer
 12029 | Orc:2    | Killed an orc sorcerer
 12105 | Orc:2    | Noticed an orc sorcerer
 12110 | Orc:2    | Killed an orc sorcerer
 12111 | Orc:2    | Noticed an orc high priest
 12116 | Orc:2    | Killed an orc high priest
 12499 | Orc:2    | Noticed an orc warlord
 12517 | Orc:2    | Killed an orc warlord
 12517 | Orc:2    | Reached XP level 12. HP: 42/74 MP: 3/24
 12682 | Orc:2    | Killed an orc high priest
 12682 | Orc:2    | Reached skill level 5 in Shields
 13118 | Orc:2    | Found Izotsek's General Store.
 13124 | Orc:2    | Found Omacyuz's Antique Armour Boutique.
 13124 | Orc:2    | Found Tirikil's Antique Weapon Boutique.
 13126 | Orc:2    | Found Hadajox's Book Shop.
 13131 | Orc:2    | Bought a book of Air for 420 gold pieces
 13136 | Orc:2    | Learned a level 4 spell: Airstrike
 13147 | Orc:2    | Bought a runed buckler for 225 gold pieces
 13188 | Orc:2    | Noticed an orc high priest
 13196 | Orc:2    | Killed an orc high priest
 13825 | Lair:1   | Entered Level 1 of the Lair of Beasts
 13825 | Lair:1   | Reached * piety under Ashenzari
 13848 | Lair:1   | Noticed a five-headed hydra
 13873 | Lair:2   | Reached skill level 1 in Conjurations
 13996 | Lair:1   | HP: 1/74 [basilisk (18)]
 14020 | Lair:1   | Found a frozen archway.
 14033 | IceCv    | Entered an ice cave
 16364 | IceCv    | Noticed a reaper
 16768 | Lair:2   | Learned a level 6 spell: Statue Form
 16939 | Lair:2   | Found a staircase to the Swamp.
 17037 | Lair:2   | Reached XP level 13. HP: 57/81 MP: 9/26
 17561 | Swamp:1  | Entered Level 1 of the Swamp
 17987 | Lair:3   | Reached skill level 1 in Earth Magic
 18198 | Lair:3   | Reached skill level 5 in Fighting
 18407 | Lair:3   | Reached ** piety under Ashenzari
 18780 | Lair:4   | Found a staircase to the Snake Pit.
 19048 | Lair:4   | Reached skill level 10 in Spellcasting
 20516 | Lair:5   | Learned a level 4 spell: Petrify
 21859 | Lair:6   | Entered Level 6 of the Lair of Beasts
 21906 | Lair:6   | Reached skill level 5 in Air Magic
 22424 | Lair:6   | Reached XP level 14. HP: 88/88 MP: 5/29
 23070 | Lair:6   | Found a runed translucent door.
 23070 | Lair:6   | Found a viscous altar of Jiyva.
 23071 | Lair:6   | Found a staircase to the Slime Pits.
 23071 | Lair:6   | Noticed an acid blob
 23917 | Lair:6   | Found a burning altar of Makhleb.
 23917 | Lair:6   | Reached *** piety under Ashenzari
 25245 | Lair:6   | Found a gateway to Hell.
 26343 | Lair:1   | Reached skill level 1 in Evocations
 26528 | Lair:1   | Reached skill level 10 in Polearms
 26901 | D:10     | Entered Level 10 of the Dungeon
 29378 | D:12     | Reached skill level 5 in Earth Magic
 29484 | D:12     | Reached XP level 15. HP: 94/94 MP: 19/31
 30620 | D:13     | Found a gate to the Vaults.
 30705 | D:13     | Found a roughly hewn altar of Beogh.
 32024 | D:15     | Entered Level 15 of the Dungeon
 32657 | D:15     | Learned a level 2 spell: Blink
 32659 | D:15     | Noticed Azrael
 32697 | D:15     | Killed Azrael
 33092 | D:15     | Reached **** piety under Ashenzari
 33232 | D:15     | Found a staircase to the Depths.
 34940 | Swamp:1  | Reached XP level 16. HP: 99/99 MP: 24/33
 35104 | Swamp:1  | Found a transporter.
 35244 | Swamp:1  | Found a transporter.
 35426 | Swamp:1  | Identified the ring "Arie" {rElec rPois rC- rN+ Int+6}
 35428 | Swamp:1  | Identified the ring of Zin's Respect {Int+3 Slay+4}
 35439 | Swamp:1  | Noticed Kirke
 35555 | Swamp:1  | Killed Kirke
 35987 | Swamp:1  | Reached skill level 5 in Unarmed Combat
 36134 | Swamp:1  | Noticed a thorn hunter
 36164 | Swamp:1  | Killed a thorn hunter
 38631 | Swamp:4  | Entered Level 4 of the Swamp
 38848 | Swamp:4  | Reached skill level 10 in Unarmed Combat
 38885 | Swamp:4  | Noticed a thorn hunter
 38894 | Swamp:4  | Killed a thorn hunter
 38938 | Swamp:4  | Reached XP level 17. HP: 65/105 MP: 23/34
 39724 | Swamp:4  | Got a decaying rune of Zot
 40238 | Swamp:4  | Learned a level 4 spell: Cause Fear
 40351 | Snake:1  | Entered Level 1 of the Snake Pit
 40488 | Snake:1  | Found Yplelah's Weapon Boutique.
 40488 | Snake:1  | Found Daesaali's Weapon Shop.
 42389 | Snake:2  | Reached skill level 15 in Unarmed Combat
 43188 | Snake:2  | Reached XP level 18. HP: 110/110 MP: 29/35
 43616 | Vaults:1 | Entered Level 1 of the Vaults
 43727 | Vaults:1 | Reached ***** piety under Ashenzari
 44269 | Vaults:1 | Found Xiycagh's Magic Scroll Emporium.
 44585 | Vaults:2 | Learned a level 5 spell: Lightning Bolt
 44655 | Vaults:2 | Reached skill level 15 in Spellcasting
 44671 | Vaults:2 | HP: 7/143 [yaktaur captain/bolt (30)]
 44674 | Vaults:2 | HP: 2/143 [stone giant/large rock (34)]
 44678 | Vaults:2 | Shot with a bolt by a yaktaur

Illustrated notes

Levels and vault maps discovered:
D:1:      eino_arrival_cavern_e, layout_rooms, moated_statue
D:2:      layout_basic
D:3:      layout_rooms, bloody_trog
D:4:      layout_loops_ring
D:5:      layout_gridville, old_standard_altar, kennysheep_mini_moat,
          serial_undead, serial_undead_b, serial_undead_a, serial_undead_f,
          serial_undead_b
D:6:      minmay_skewed_foursquare, layout_loops_cross,
          nicolae_qazlal_eye_of_the_storm, serial_shops, nicolae_shop_crystal
D:7:      layout_cave_pools, ashenzari_conservatory_becter,
          grunt_dithmenos_smoke, minmay_temple_entry_glassed_door, serial_shops,
          nicolae_shop_crystal, serial_column_ruins, column_ruins_hut,
          column_ruins_hut_pillars, column_ruins_columns_straight,
          column_ruins_corridor_dead_end, column_ruins_corridor_straight,
          column_ruins_grid_1, column_ruins_open_small
D:8:      lemuel_slime, layout_loops_ring, lemuel_doored_altar,
          lair_entry_dummy, ebering_ghost_funeral_grove
D:9:      layout_long_grid, led_sif_pool, orc_0_dummy, special_room
          [special_room_bee]
D:10:     layout_loops_ring, hangedman_minor_magic
D:11:     layout_rooms, hangedman_tell_no_tales
D:12:     layout_cave_pools, hangedman_glass_teeth
D:13:     layout_rooms, grunt_vaults_entry_tiered, david_defended_altar_orc
D:14:     layout_roguey, dk_noncrumbling_2, drop_trap, minmay_misc_feat_roman
D:15:     grunt_enter_depths_snipers, layout_basic,
          minmay_misc_feat_four_crosses, chequers_hall_statues_corner_a,
          uniq_azrael
Temple:   nicolae_temple_great_sept
Lair:1:   kb_forest_paths, layout_big_grid, portal_ice_cave_rime, st_stairs_4,
          minivault_26, grunt_forest_large_clearing_hut
Lair:2:   layout_roguey, swamp_mist, gauntlet_entry_generic, lemuel_fruit_fields
Lair:3:   layout_hall_layers
Lair:4:   layout_loops_ring, minmay_snake_entry_spellcaster,
          minmay_lair_oklob_items, grunt_megastairs_1
Lair:5:   layout_hall_layers, beast_lair_carwin_2
Lair:6:   evil_forest, layout_hall_layers, slime_altar_2,
          nicolae_volcano_entry_s_turn, minivault_11, dpeg_oklob_1,
          lemuel_fruit_tree
Swamp:1:  gammafunk_its_a_trap, layout_basic_swamp, evilmike_swamp_ruin_house_1,
          infiniplex_staircase_pool, uniq_kirke
Swamp:2:  layout_basic_swamp, hangedman_swamp_ruin_wall, swamp_pool2
Swamp:3:  layout_basic_swamp, infiniplex_staircase_pool_2, hangedman_swamp_cone
Swamp:4:  swamp, layout_basic_swamp, swamp_pool3
Snake:1:  layout_onion_interference, minmay_shoptagon
Snake:2:  layout_rooms, serial_bayou_ford_a, grunt_megastairs_3,
          serial_bayou_shore_b
Snake:3:  cheibrodos_snake_ritualist_ritual, layout_misc_corridors,
          evilmike_ambush [evilmike_ambush_outer_basic,
          evilmike_ambush_inner_wall_1], uniq_roxanne
Orc:1:    layout_diamond_mine, enter_bailey_2, serial_shops, shop, basic_altar,
          nicolae_orc_lost_temple
Orc:2:    st_orc_congregation, layout_caves, serial_shops, shop
Vaults:1: vaults_room_hangedman_quadrants, ontoclasm_vaults_pinch,
          nicolae_vaults_network_periphery, v_misc_10,
          ontoclasm_vaults_loading_screen, grunt_vaults_focal,
          layout_vaults_omnigrid, portal_desolation_entry_salt, serial_shops,
          nicolae_shop_waterfront
Vaults:2: vaults_dpeg_hooks, ontoclasm_vaults_decontamination,
          ontoclasm_vaults_spin, serial_ice_g, vaults_room_guarded_vault,
          v_misc_4, v_misc_10, vaults_mumra_hexcomb, v_pattern_5,
          nicolae_vaults_little_squares_3, ontoclasm_vaults_idyll,
          nicolae_vaults_windows_and_doors_thing, layout_vaults_omnicross

Skill      XL: |  1  2  3  4  5  6  7  8  9 10 11 12 13 14 15 16 17 18 |
---------------+-------------------------------------------------------+-----
Stealth        | 3 4 5 6 7 8 9 |  9.6
Poison Magic   | 4 5 6 7 8 9 10 | 10.6
Unarmed Combat | 1 2 11 15 | 15.0
Spellcasting   | 3 4 5 7 8 9 11 12 13 15 | 15.2
Fighting       | 1 2 3 4 5 6 |  6.3
Air Magic      | 1 2 3 5 6 7 |  7.3
Dodging        | 3 4 6 7 8 9 |  9.9
Transmutations | 2 3 4 |  4.3
Maces & Flails | 1 2 |  2.9
Polearms       | 1 4 6 7 8 9 10 | 10.5
Long Blades    | 1 3 |  3.4
Shields        | 1 2 4 5 6 7 9 |  9.2
Fire Magic     | 1 2 3 |  3.2
Conjurations   | 1 |  1.3
Earth Magic    | 3 5 6 7 9 |  9.0
Evocations     | 1 |  1.5

Action                   |  1- 3 |  4- 6 |  7- 9 | 10-12 | 13-15 | 16-18 || total
-------------------------+-------+-------+-------+-------+-------+-------++-------
Melee: Unarmed           |    42 |       |       |       |   257 |   782 ||  1081
       Constrict         |    23 |    28 |    39 |    50 |   106 |    89 ||   335
       Tentacles         |    14 |    12 |    27 |    61 |   209 |   134 ||   457
       Dagger            |    29 |    83 |     9 |       |       |       ||   121
       Mace              |       |       |    41 |       |       |       ||    41
       Trident           |       |       |    87 |   119 |    29 |       ||   235
       Punch             |       |       |     3 |     2 |     9 |    48 ||    62
       Long sword        |       |       |    39 |   159 |   606 |       ||   804
Throw: Dart              |       |       |       |       |     1 |     2 ||     3
 Cast: Sting             |     9 |    14 |     9 |    18 |    19 |     1 ||    70
       Poisonous Vapours |     2 |    21 |    19 |    31 |     7 |       ||    80
       Ignite Poison     |       |       |    12 |    40 |    37 |    18 ||   107
       Olgreb's Toxic Ra |       |       |    19 |    52 |    70 |    32 ||   173
       Mephitic Cloud    |       |       |     3 |     9 |    22 |    13 ||    47
       Airstrike         |       |       |       |    10 |   168 |    22 ||   200
       Petrify           |       |       |       |       |     1 |     2 ||     3
       Statue Form       |       |       |       |       |    18 |    78 ||    96
       Blink             |       |       |       |       |       |    10 ||    10
       Cause Fear        |       |       |       |       |       |     1 ||     1
Invok: Curse Item        |       |       |       |     1 |       |     1 ||     2
Evoke: Wand              |       |       |     1 |     3 |    13 |     3 ||    20
  Use: Potion            |       |     2 |       |     7 |     2 |     7 ||    18
       Scroll            |       |    11 |     6 |    12 |    20 |     8 ||    57
 Stab: Sleeping          |     7 |     5 |    13 |    11 |    27 |     6 ||    69
       Distracted        |       |       |     1 |     4 |     2 |     1 ||     8
       Confused          |       |       |       |     2 |     9 |     2 ||    13
       Petrified         |       |       |       |       |       |     4 ||     4
       Petrifying        |       |       |       |       |       |     1 ||     1
Armor: Skin              |     3 |    19 |    34 |    17 |   110 |   452 ||   635
Dodge: Dodged            |    30 |    37 |   117 |   111 |   560 |   964 ||  1819
Block: Buckler           |       |       |    22 |   147 |   617 |   865 ||  1651
       Reflection        |       |       |       |    10 |    20 |    68 ||    98
       Rpst.: Long sword |       |       |     5 |    17 |    67 |       ||    89

Table legend: (Time is in decaauts)
 A = Elapsed time spent in this place.
 B = Non-inter-level travel time spent in this place.
 C = Inter-level travel time spent in this place.
 D = Time resting spent in this place.
 E = Time spent auto-exploring this place.
 F = Levels seen in this place.
 G = Mean time per level.
                   A        B        C        D        E       F      G
               +--------+--------+--------+--------+--------+-----+--------+
         Total |  46265 |  44365 |   1900 |   8508 |  27417 |  34 | 1360.7 |
       Dungeon |  18492 |  17378 |   1114 |   1521 |  12657 |  15 | 1232.8 |
        Temple |    109 |    109 |      0 |      0 |     67 |   1 |  109.0 |
          Lair |  10941 |  10447 |    494 |   2010 |   6922 |   6 | 1823.5 |
         Swamp |   6090 |   5994 |     96 |    849 |   3978 |   4 | 1522.5 |
     Snake Pit |   3607 |   3470 |    137 |    746 |   1890 |   3 | 1202.3 |
  Orcish Mines |   3384 |   3327 |     57 |   1073 |   1527 |   2 | 1692.0 |
        Vaults |   1208 |   1208 |      0 |    388 |    350 |   2 |  604.0 |
      Ice Cave |   2430 |   2430 |      0 |   1919 |     25 |   1 | 2430.0 |
               +--------+--------+--------+--------+--------+-----+--------+

Top non-repeatable levels by time:
  Lair:6: 3490 daAuts
   Orc:2: 2620 daAuts
   IceCv: 2430 daAuts
     D:6: 2028 daAuts
 Swamp:4: 1888 daAuts
 Snake:2: 1857 daAuts
  Lair:1: 1805 daAuts
 Snake:1: 1699 daAuts
    D:15: 1694 daAuts
  Lair:5: 1587 daAuts
 Swamp:2: 1513 daAuts
  Lair:2: 1495 daAuts
 Swamp:1: 1468 daAuts
     D:3: 1458 daAuts
    D:10: 1416 daAuts
